 Dungeon Sprint DCSS version 0.28.0-49-g6dfe1f597d (webtiles) character file.

Game seed: 2031852313371718543

3500 Groucho the Unseen (level 9, -8/41 HPs)
             Began as a Spriggan Enchanter on May 18, 2022.
             Was the Champion of Dithmenos.
             Mangled by a spriggan rider
             ... wielding a +0 spear
              (19 damage)
             ... in the Dungeon (Sprint VII: "The Pits").
             The game lasted 00:10:18 (4343 turns).

Groucho the Unseen (Spriggan Enchanter)             Turns: 4343, Time: 00:10:19

Health: -8/41      AC:  4    Str:  8    XL:     9   Next: 80%
Magic:  17/28      EV: 26    Int: 20    God:    Dithmenos [******]
Gold:   0          SH:  0    Dex: 15    Spells: 26/37 levels left

rFire   . . .      SeeInvis +   j - +2 dagger
rCold   . . .      Faith    .   (no shield)
rNeg    . . .      Spirit   .   m - +1 robe {Will+}
rPois   .          Reflect  .   (helmet restricted)
rElec   .          Harm     .   l - +0 cloak
rCorr   .          Rampage  .   (gloves unavailable)
Will    ++...      NoTele   +   (boots unavailable)
Stlth   ++++++++++              (no amulet)
HPRegen 0.13/turn               n - +3 ring of intelligence
MPRegen 0.21/turn               o - +3 ring of evasion

@: confusing by touch, wreathed by umbra, very quick
A: very small, no large weapons, unfitting armour, see invisible, speed 3
a: Renounce Religion, Shadow Step, Shadow Form


You were in the Dungeon.
You worshipped Dithmenos.
Dithmenos was exalted by your worship.
You visited 1 branch

Inventory:

Hand Weapons
 j - a +2 dagger (weapon)
 k - a +1 short sword of freezing
Missiles
 a - 11 stones (quivered)
 b - 5 curare-tipped darts
Armour
 l - a +0 cloak (worn)
 m - a +1 robe of willpower (worn)
Jewellery
 n - a +3 ring of intelligence (left hand)
 o - a +3 ring of evasion (right hand)
Scrolls
 i - a scroll of blinking
Potions
 c - 3 potions of invisibility
 d - 10 potions of curing
 e - 7 potions of heal wounds
 f - 2 potions of haste
 g - 4 potions of magic
 h - 4 potions of berserk rage
 p - a potion of mutation


   Skills:
 + Level 1.3 Fighting
 + Level 9.2 Short Blades
 + Level 11.1 Dodging
 - Level 15.0 Stealth
 + Level 14.6 Spellcasting
 + Level 3.4 Conjurations
 - Level 14.0 Hexes


You had 26 spell levels left.
You knew the following spells:

 Your Spells              Type           Power      Damage    Failure   Level
a - Ensorcelled Hibernat  Hex/Ice        84%        N/A       1%          2
b - Confusing Touch       Hex            63%        N/A       1%          3
c - Dazzling Flash        Conj/Hex       98%        N/A       1%          3
d - Tukima's Dance        Hex            63%        N/A       1%          3

Your spell library contained the following spells:

 Spells                   Type           Power      Damage    Failure   Level


Dungeon Overview and Level Annotations

Branches:
Dungeon (1/1)

Altars:
Ashenzari
Cheibriados
Dithmenos
Elyvilon
Fedhas
Gozag
Hepliaklqana
Kikubaaqudgha
Makhleb
Nemelex Xobeh
Okawaru
Qazlal
Ru
Sif Muna
Trog
Uskayaw
Vehumet
Wu Jian
Xom
Yredelemnul
Zin
The Shining One
Beogh
Jiyva
Lugonu


Innate Abilities, Weirdness & Mutations

You are very small and have problems with some larger weapons.
You are too small for most types of armour.
You have supernaturally acute eyesight. (SInv)
You cover ground extremely quickly. (Speed+++)


Message History

Casting: Ensorcelled Hibernation (safe; 1% risk of failure)
Confirm with . or Enter, or press ? or * to list all spells.
Your hands begin to glow red.
The spriggan rider hits you from afar with a +0 spear!!
* * * LOW HITPOINT WARNING * * *
You emit a cloud of dark smoke.
You feel much better.
The spriggan rider hits you from afar with a +0 spear!!
* * * LOW HITPOINT WARNING * * *
You emit a cloud of dark smoke.
You feel much better.
The spriggan rider hits you from afar with a +0 spear!
You hit the spriggan rider but do no damage.
The spriggan rider hits you with a +0 spear.
You hit the spriggan rider but do no damage.
Your shadow misses the spriggan rider. You miss the spriggan rider.
The spriggan rider closely misses you.
You miss the spriggan rider.
The spriggan rider hits you with a +0 spear!
* * * LOW HITPOINT WARNING * * *
You emit a cloud of dark smoke.
You are too injured to fight recklessly!
You are too injured to fight recklessly!
You are too injured to fight recklessly!
You are too injured to fight recklessly!
You are too injured to fight recklessly!
You hit the spriggan rider but do no damage.
The spriggan rider blocks your shadow's attack.
You miss the spriggan rider.
Your shadow completely misses the spriggan rider.
The spriggan rider completely misses you.
You hit the spriggan rider but do no damage.
You hit the spriggan rider but do no damage.
The spriggan rider completely misses you.
You hit the spriggan rider but do no damage.
Your shadow hits the spriggan rider with a dagger.
You hit the spriggan rider but do no damage.
The spriggan rider is lightly wounded.
The spriggan rider hits you with a +0 spear!!
You die...

#.#........##.......
#)#........##.......
#'###########.......
#.......#).#########
#.###...#)##########
#.#.§§..#.#....#..[[
#.#§§§#.#'#....#..[[
#.i§.)#.#['....'..))
#.§@###.#'#....#..))
#.§§§.§.')#....#..))
####################


You could see a spriggan rider.

Vanquished Creatures
  Pikel (D)
  An orc sorcerer (D)
  A molten gargoyle (D)
  A smoke demon (D)
  Psyche (D)
  A kobold demonologist (D)
  A komodo dragon (D)
  An ice devil (D)
  A red devil (D)
  A water moccasin (D)
  An ice beast (D)
  A wolf (D)
  A centaur (D)
  A bullfrog (D)
  4 kobold brigands (D)
  Crazy Yiuf (D)
  A mummy (D)
  2 gnolls (D)
  2 adders (D)
  A river rat (D)
  An ufetubus (D)
  An adder zombie (D)
  2 orcs (D)
  7 jackals (D)
  2 quokkas (D)
  2 goblins (D)
  3 kobolds (D)
  3 rats (D)
46 creatures vanquished.

Vanquished Creatures (others)
  A kobold brigand (D)
1 creature vanquished.

Grand Total: 47 creatures vanquished

Notes
Turn   | Place    | Note
-------+----------+-------------------------------------------
     0 | D        | Groucho the Spriggan Enchanter began the quest for the Orb.
     0 | D        | Reached XP level 1. HP: 9/9 MP: 5/5
    12 | D        | Reached skill level 6 in Stealth
    12 | D        | Reached XP level 2. HP: 13/13 MP: 5/7
    15 | D        | Learned a level 2 spell: Ensorcelled Hibernation
    41 | D        | Found a bloodstained altar of Trog.
    41 | D        | Found a shimmering blue altar of Sif Muna.
    41 | D        | Found a viscous altar of Jiyva.
    41 | D        | Found a hazy altar of Hepliaklqana.
    41 | D        | Found an opulent altar of Gozag.
    42 | D        | Found a glowing golden altar of the Shining One.
    42 | D        | Found a glowing silver altar of Zin.
    42 | D        | Found a basalt altar of Yredelemnul.
    42 | D        | Found a shimmering altar of Xom.
    42 | D        | Found an ornate altar of the Wu Jian Council.
    42 | D        | Found a sacrificial altar of Ru.
    42 | D        | Found a stormy altar of Qazlal.
    42 | D        | Found an iron altar of Okawaru.
    42 | D        | Found a sparkling altar of Nemelex Xobeh.
    42 | D        | Found a burning altar of Makhleb.
    42 | D        | Found a blossoming altar of Fedhas.
    42 | D        | Found a white marble altar of Elyvilon.
    42 | D        | Found a shadowy altar of Dithmenos.
    42 | D        | Found a snail-covered altar of Cheibriados.
    44 | D        | Found a radiant altar of Vehumet.
    44 | D        | Found a corrupted altar of Lugonu.
    45 | D        | Found a hide-covered altar of Uskayaw.
    45 | D        | Found an ancient bone altar of Kikubaaqudgha.
    45 | D        | Found a broken altar of Ashenzari.
    56 | D        | Became a worshipper of Dithmenos the Shadowed
   392 | D        | Reached skill level 7 in Stealth
   730 | D        | Reached * piety under Dithmenos
   970 | D        | Reached skill level 5 in Hexes
   972 | D        | Reached ** piety under Dithmenos
  1162 | D        | Noticed Crazy Yiuf
  1166 | D        | Reached skill level 8 in Stealth
  1166 | D        | Reached XP level 3. HP: 16/16 MP: 9/9
  1178 | D        | Learned a level 3 spell: Confusing Touch
  1196 | D        | Killed Crazy Yiuf
  1197 | D        | Reached skill level 9 in Stealth
  1197 | D        | Reached skill level 5 in Spellcasting
  1462 | D        | Reached *** piety under Dithmenos
  1512 | D        | Noticed an ice beast
  1528 | D        | Reached XP level 4. HP: 21/21 MP: 0/12
  2031 | D        | Killed an ice beast
  2032 | D        | Reached skill level 12 in Stealth
  2032 | D        | Reached XP level 5. HP: 16/24 MP: 10/15
  2230 | D        | Reached **** piety under Dithmenos
  2392 | D        | Noticed Pikel
  2394 | D        | Killed Pikel
  2395 | D        | Reached skill level 15 in Stealth
  2395 | D        | Reached XP level 6. HP: 28/28 MP: 16/21
  2395 | D        | Reached XP level 7. HP: 32/32 MP: 16/22
  2396 | D        | Noticed an orc sorcerer
  2398 | D        | Killed an orc sorcerer
  2399 | D        | Reached skill level 5 in Dodging
  2399 | D        | Reached XP level 8. HP: 36/36 MP: 16/24
  2640 | D        | Reached ***** piety under Dithmenos
  2646 | D        | Reached skill level 5 in Short Blades
  2657 | D        | Noticed a kobold demonologist
  2752 | D        | Noticed Psyche
  3253 | D        | Killed Psyche
  3531 | D        | Killed a kobold demonologist
  3537 | D        | Reached XP level 9. HP: 37/39 MP: 10/27
  3540 | D        | Reached ****** piety under Dithmenos
  3697 | D        | Learned a level 3 spell: Dazzling Flash
  3701 | D        | Learned a level 3 spell: Tukima's Dance
  3701 | D        | Noticed a molten gargoyle
  3703 | D        | Killed a molten gargoyle
  3704 | D        | Reached skill level 1 in Conjurations
  3704 | D        | Noticed a red devil
  3706 | D        | Killed a red devil
  3707 | D        | Reached skill level 10 in Dodging
  3707 | D        | Noticed a smoke demon
  3710 | D        | Killed a smoke demon
  3787 | D        | Noticed a komodo dragon
  3837 | D        | Killed a komodo dragon
  4252 | D        | Noticed an ice devil
  4255 | D        | Killed an ice devil
  4256 | D        | Reached skill level 1 in Fighting
  4257 | D        | Noticed a hellwing
  4274 | D        | Noticed a polar bear
  4274 | D        | Noticed a spriggan rider
  4343 | D        | Mangled by a spriggan rider

Illustrated notes

Levels and vault maps discovered:
D:        pitsprint [storerooms_1, entrance_room_1, metal_vault_8, armoury_1,
          mini_pit_1, grid_room_1, main_hall_1, silver_pit, the_coven_3,
          the_vestibule_1, steel_vault_2, golden_pit, hallway_of_sentries,
          crystal_vault_4, iron_vault_1, final_vault]

Skill      XL: |  1  2  3  4  5  6  7  8  9 |
---------------+----------------------------+-----
Stealth        | 6 8 9 12 15 | 15.0
Spellcasting   | 3 4 5 6 11 13 14 | 14.6
Hexes          | 4 5 7 11 12 13 14 | 14.0
Short Blades   | 4 7 9 |  9.2
Dodging        | 5 9 11 | 11.1
Conjurations   | 3 |  3.4
Fighting       | 1 |  1.3

Action                   |  1- 3 |  4- 6 |  7- 9 || total
-------------------------+-------+-------+-------++-------
Melee: Dagger            |    23 |    33 |    77 ||   133
       Punch             |       |     1 |     1 ||     2
Throw: Stone             |       |       |     1 ||     1
 Cast: Ensorcelled Hiber |    15 |     1 |    22 ||    38
       Confusing Touch   |       |     3 |    10 ||    13
       Tukima's Dance    |       |       |     2 ||     2
Invok: Shadow Step       |       |       |     6 ||     6
  Use: Potion            |       |       |     3 ||     3
 Stab: Sleeping          |    11 |     4 |    18 ||    33
       Confused          |       |     2 |     6 ||     8
       Distracted        |       |       |     1 ||     1
Armor: Robe              |     3 |     3 |     1 ||     7
Dodge: Dodged            |    20 |    17 |    64 ||   101
